 Dungeon Crawl Stone Soup version 0.31-a0-1-g4198be8af4 (webtiles) character file.

Game seed: 5016094694067187668

1420 Jarnaxa the Thaumaturge (level 8, -1/41 HPs)
             Began as a Deep Elf Fire Elementalist on May 2, 2023.
             Was an Initiate of Vehumet.
             Slain by a gnoll
             ... wielding a +2 whip of electrocution
              (4 damage)
             ... on level 7 of the Dungeon.
             The game lasted 00:16:25 (5121 turns).

Jarnaxa the Thaumaturge (DEFE)                      Turns: 5121, Time: 00:16:25

Health: -1/41      AC:  3    Str:  9    XL:     8   Next: 43%
Magic:  27/31      EV: 12    Int: 23    God:    Vehumet [......]
Gold:   263        SH:  3    Dex: 15    Spells: 11/24 levels left

rFire   . . .        n - +4 dagger "Gassit" {drain, Str+4}
rCold   . . .        F - +0 buckler
rNeg    . . .        a - +0 robe
rPois   .            (no helmet)
rElec   .            (no cloak)
rCorr   .            q - +0 pair of gloves
SInv    .            (no boots)
Will    .....        m - amulet of magic regeneration
Stlth   ++           k - ring of magical power
HPRegen 0.26/turn    (no ring)
MPRegen 0.62/turn

%: no passive effects
@: no status effects
A: no striking features
a: Renounce Religion


You were on level 7 of the Dungeon.
You worshipped Vehumet.
Vehumet was noncommittal.
You visited 2 branches of the dungeon, and saw 8 of its levels.

You collected 263 gold pieces.

Inventory:

Hand Weapons
 n - the +4 dagger "Gassit" (weapon) {drain, Str+4}
   (You found it on level 2 of the Dungeon)

   Str:       It affects your strength (+4).
Armour
 a - a +0 robe (worn)
 q - a +0 pair of gloves (worn)
 F - a +0 buckler (worn)
Jewellery
 k - a ring of magical power (left hand)
 m - an amulet of magic regeneration (around neck)
Scrolls
 d - 2 scrolls of immolation {unknown}
 e - 2 scrolls of teleportation
 g - 2 scrolls of amnesia {unknown}
 i - 2 scrolls of fog {unknown}
 l - a scroll of enchant armour {unknown}
 o - 2 scrolls of vulnerability {unknown}
 p - a scroll of silence {unknown}
 s - a scroll of brand weapon {unknown}
 t - 2 scrolls of poison {unknown}
 u - 5 scrolls of identify {unknown}
 y - a scroll of acquirement {unknown}
 z - 2 scrolls of noise {unknown}
 B - a scroll of fear {unknown}
 D - a scroll of torment {unknown}
 E - a scroll of butterflies {unknown}
Potions
 b - a potion of magic
 c - a potion of cancellation {unknown}
 f - 5 potions of curing
 h - a potion of ambrosia {unknown}
 j - a potion of might {unknown}
 r - 3 potions of heal wounds {unknown}
 v - 2 potions of haste {unknown}
 w - a potion of flight {unknown}
 x - a potion of attraction {unknown}
 A - a potion of lignification {unknown}
 C - a potion of mutation {unknown}


   Skills:
 + Level 2.9 Dodging
 + Level 3.3 Stealth
 + Level 8.8 Spellcasting
 + Level 4.8 Conjurations
 + Level 0.3 Translocations
 + Level 7.9 Fire Magic


You had 11 spell levels left.
You knew the following spells:

 Your Spells              Type           Power      Damage    Failure   Level
a - Foxfire               Conj/Fire      100%       2x1d9     1%          1
b - Scorch                Fire           92%        2d9       1%          2
c - Inner Flame           Hex/Fire       28%        N/A       6%          3
d - Volatile Blastmotes   Fire/Tloc      58%        2d14      5%          3
e - Flame Wave            Conj/Fire      39%        2d11      7%          4

Your spell library contained the following spells:

 Spells                   Type           Power      Damage    Failure   Level
 Kiss of Death            Conj/Necr      84%        2d11      3%          1
 Fireball                 Conj/Fire      19%        3d9       21%         5
 Confusing Touch          Hex            10%        N/A       30%         3
 Dispel Undead            Necr           10%        3d9       69%         4
 Starburst                Conj/Fire      19%        6d7       73%         6
 Plasma Beam              Fire/Air       14%        2x1d27    96%         6


Dungeon Overview and Level Annotations

Branches:
Dungeon (7/15)             Temple (1/1) D:5

Altars:
Ashenzari
Cheibriados
Dithmenos
Elyvilon
Fedhas
Gozag
Kikubaaqudgha
Makhleb
Nemelex Xobeh
Okawaru
Qazlal
Ru
Sif Muna
Trog
Uskayaw
Vehumet
Wu Jian
Xom
Zin
The Shining One


Message History

You kill the orc!
Vehumet accepts your kill.
You finish channelling waves of flame.
You hear a shout!
The centaur shoots an arrow.
The arrow barely misses you.
Casting: Flame Wave (quite dangerous; 8% risk of failure)
Confirm with . or Enter, or press ? or * to list all spells.
Flames lash the orc priest.
You kill the orc priest!
Vehumet accepts your kill.
The centaur shoots an arrow.
The arrow hits you.
Casting: Scorch (safe; 1% risk of failure)
Confirm with . or Enter, or press ? or * to list all spells.
Okay, then.
Casting: Scorch (safe; 1% risk of failure)
Confirm with . or Enter, or press ? or * to list all spells.
Okay, then.
Saving game... please wait.
Welcome back, Jarnaxa the Deep Elf Fire Elementalist.
Vehumet says: Let it end in hellfire!
Press ? for a list of commands and other information.
Cast which spell? (? or * to list)
You can't see any susceptible monsters within range! (Use Z to cast anyway.) Cast which spell? (? or * to list)
A cloud of volatile blastmotes flares up around you!
The centaur shoots an arrow.
The arrow hits you.
The centaur shoots an arrow.
The arrow hits you!
You hear an angry hiss.
The centaur shoots an arrow.
The arrow closely misses you.
A gnoll comes into view.
It is wielding a +2 whip of electrocution.
The centaur shoots an arrow.
The arrow hits you.
Found a stone staircase leading down.
The centaur shoots an arrow.
The arrow hits you!
* * * LOW HITPOINT WARNING * * *
You feel better.
The centaur shoots an arrow.
The arrow hits you!
* * * LOW HITPOINT WARNING * * *
A gnoll comes into view. It is wielding a +0 club.
The gnoll shouts!
The gnoll hits you with a +2 whip of electrocution.
You die...

..........#.# .g
.. .##### #
......# ##...#.
#>.... #..g## #
#@.# #. ##.## ..
#..####..###...
#..............
#.##...........
#..)(.ยง........
#...[.[........
#.>c..)........
................


You could see 2 gnolls.

Vanquished Creatures
  A wraith (D:6)
  An orc warrior (D:7)
  2 black bears
  A centaur (D:6)
  A sky beast (D:4)
  2 ogres
  A scorpion (D:5)
  An orc priest (D:7)
  3 jellies
  4 hounds
  2 sleepcaps
  4 orc wizards
  4 gnolls (D:3)
  7 adders
  A shadow imp (D:5)
  2 ufetubi
  2 dart slugs
  3 worms
  18 orcs
  4 endoplasms
  2 giant cockroaches
  A hobgoblin (D:1)
  3 quokkas
  4 ball pythons
  4 bats
  6 frilled lizards
  7 goblins
  7 kobolds
  3 rats
101 creatures vanquished.

Vanquished Creatures (others)
  380 foxfires
380 creatures vanquished.

Grand Total: 481 creatures vanquished

Notes
Turn   | Place    | Note
-------+----------+-------------------------------------------
     0 | D:1      | Jarnaxa the Deep Elf Fire Elementalist began the quest for
                  | the Orb.
     0 | D:1      | Reached XP level 1. HP: 10/10 MP: 6/6
   381 | D:1      | Reached XP level 2. HP: 15/15 MP: 4/8
  1008 | D:2      | Identified the +4 dagger "Gassit" {drain, Str+4}
  1426 | D:2      | Reached XP level 3. HP: 19/19 MP: 10/10
  1546 | D:2      | Learned a level 2 spell: Scorch
  1550 | D:2      | Learned a level 3 spell: Inner Flame
  1554 | D:2      | Learned a level 3 spell: Volatile Blastmotes
  1788 | D:3      | Reached skill level 4 in Spellcasting
  1922 | D:3      | Reached XP level 4. HP: 24/24 MP: 12/12
  2053 | D:3      | Identified the +0 plate armour "Editonyth" {Str+5}
  2081 | D:3      | Found a faded altar of an unknown god.
  2241 | D:3      | Reached skill level 5 in Spellcasting
  2456 | D:4      | HP: 1/24 [shot self (17)]
  2831 | D:4      | Reached XP level 5. HP: 28/28 MP: 14/14
  3303 | D:4      | Noticed a sky beast
  3310 | D:4      | Killed a sky beast
  3527 | D:5      | Entered Level 5 of the Dungeon
  3560 | D:5      | Reached skill level 5 in Fire Magic
  3560 | D:5      | Reached XP level 6. HP: 28/32 MP: 16/16
  3629 | D:5      | Reached skill level 6 in Spellcasting
  3756 | D:5      | Found a staircase to the Ecumenical Temple.
  3772 | Temple   | Entered the Ecumenical Temple
  4031 | Temple   | Became a worshipper of Vehumet
  4210 | D:5      | Reached XP level 7. HP: 36/36 MP: 19/19
  4551 | D:6      | Reached skill level 7 in Spellcasting
  4573 | D:6      | Noticed a wraith
  4581 | D:6      | Killed a wraith
  4587 | D:6      | Reached skill level 8 in Spellcasting
  4592 | D:6      | Learned a level 4 spell: Flame Wave
  4624 | D:6      | Reached XP level 8. HP: 41/41 MP: 22/22
  5120 | D:7      | HP: 2/41 [centaur/arrow (12)]
  5121 | D:7      | Slain by a gnoll

Illustrated notes

Levels and vault maps discovered:
D:1:      spicycebolla_arrival_risky_transporter, layout_rooms,
          serial_bayou_lagoon_a, grunt_decor_cap, minmay_octomino_c4
D:2:      layout_basic
D:3:      layout_basic, basic_ecumenical_altar
D:4:      layout_basic
D:5:      layout_gridville, minmay_temple_entry_large_hall
D:6:      layout_rooms, serial_glass, glass_columns_a, glass_columns_a,
          item_on_display_a, minmay_crystal_room
D:7:      layout_rooms, dk_yredelemnul_ordeal
Temple:   mainiacjoe_temple_cubbyholes

Skill      XL: |  1  2  3  4  5  6  7 |
---------------+----------------------+-----
Spellcasting   | 4 5 6 8 |  8.8
Conjurations   | 2 3 4 |  4.8
Fire Magic     | 4 5 6 7 |  7.9
Stealth        | 3 |  3.3
Dodging        | |  2.9
Translocations | |  0.3

Action                     |  1- 3 |  4- 6 |  7- 9 || total
---------------------------+-------+-------+-------++-------
  Melee: Unarmed           |     3 |       |       ||     3
   Cast: Foxfire           |    82 |    68 |    80 ||   230
         Scorch            |     7 |    30 |    19 ||    56
         Volatile Blastmot |       |     3 |     1 ||     4
         Flame Wave        |       |       |     1 ||     1
    Use: Scroll            |     1 |     1 |       ||     2
         Potion            |       |     1 |     1 ||     2
 Armour: Robe              |     2 |     3 |     2 ||     7
  Dodge: Dodged            |     4 |     9 |    13 ||    26

Table legend: (Time is in decaauts)
 A = Elapsed time spent in this place.
 B = Non-inter-level travel time spent in this place.
 C = Inter-level travel time spent in this place.
 D = Time resting spent in this place.
 E = Time spent auto-exploring this place.
 F = Levels seen in this place.
 G = Mean time per level.
                   A        B        C        D        E       F      G
               +--------+--------+--------+--------+--------+-----+--------+
         Total |   5126 |   4704 |    422 |    397 |   3499 |   8 |  640.8 |
       Dungeon |   4727 |   4413 |    314 |    397 |   3212 |   7 |  675.3 |
        Temple |    399 |    291 |    108 |      0 |    287 |   1 |  399.0 |
               +--------+--------+--------+--------+--------+-----+--------+

Top non-repeatable levels by time:
     D:4: 973 daAuts
     D:1: 955 daAuts
     D:2: 826 daAuts
     D:3: 778 daAuts
     D:5: 617 daAuts
     D:6: 547 daAuts
  Temple: 399 daAuts
     D:7: 29 daAuts
